 Dungeon Crawl Stone Soup version 0.17-a0-1635-gd4e48f1 (webtiles) character file.

256 matakusis the Ducker (level 5, -6/40 HPs)
             Began as a Demonspawn Gladiator on Aug 4, 2015.
             Mangled by emiel's ghost (11 damage)
             ... on level 3 of the Dungeon.
             The game lasted 00:12:05 (2283 turns).

matakusis the Ducker (Demonspawn Gladiator)         Turns: 2283, Time: 00:12:06

Health: -6/40      AC:  5    Str: 22    XL:     5   Next: 92%
Magic:  5/5        EV: 15    Int:  9    God:
Gold:   139        SH:  0    Dex: 13    Spells: 0 memorised, 4 levels left

rFire  . . .     SeeInvis .     a - +0 war axe
rCold  . . .     Clarity  .     b - +0 leather armour
rNeg   . . .     SustAt   .     (no shield)
rPois  .         Gourm    .     c - +0 helmet
rElec  .         Spirit   .     k - +0 cloak
rCorr  .         Warding  .     (no gloves)
rMut   .         Stasis   .     (no boots)
MR     +....                    (no amulet)
Stlth  +.........               (no ring)
                                h - ring of protection from magic

@: mighty, somewhat resistant to hostile enchantments, very unstealthy
A: hooves 2, repulsion field 1, spiny 1
a: no special abilities


You were on level 3 of the Dungeon.
You were not hungry.

You visited 1 branch of the dungeon, and saw 3 of its levels.

You collected 139 gold pieces.

Inventory:

Hand weapons
 a - a +0 war axe (weapon)
 g - a -3 war axe
Missiles
 d - 2 throwing nets (quivered)
Armour
 b - a +0 leather armour (worn)
 c - a +0 helmet (worn)
 k - a +0 cloak (worn)
Jewellery
 h - a ring of protection from magic (left hand)
Scrolls
 m - a scroll of remove curse
Potions
 i - a potion of flight {unknown}
 j - a potion of heal wounds {unknown}
 p - a potion of berserk rage {unknown}
Comestibles
 e - 3 bread rations
 f - a chunk of flesh
 l - a meat ration
 q - a beef jerky


   Skills:
 + Level 2.8 Fighting
 + Level 4.0 Axes
 - Level 1.7 Throwing
 + Level 1.9 Armour
 + Level 4.3 Dodging


You had 4 spell levels left.
You didn't know any spells.

Dungeon Overview and Level Annotations

Branches:
Dungeon (3/15)

Altars:
Ashenzari
The Shining One

Annotations:
D:3 emiel's ghost, average CeWz


Innate Abilities, Weirdness & Mutations

You have hoof-like feet.
You are surrounded by a mild repulsion field (EV +2).
You are partially covered in sharp spines.


Message History

Emiel's ghost wails.
Emiel's ghost misses you.
Drink which item? (? for menu, Esc to quit)
You feel very mighty all of a sudden. Emiel's ghost hits you.
You hit emiel's ghost but do no damage. Emiel's ghost is struck by your spines.
Emiel's ghost hits you.
You barely miss emiel's ghost.
Emiel's ghost is lightly damaged.
Emiel's ghost hits you.
You are electrocuted!
Press: ? - help, v - describe, . - travel The floor.
Emiel's ghost is struck by your spines. Emiel's ghost hits you.
* * * LOW HITPOINT WARNING * * *
Some of the chunks of flesh in your inventory have rotted away.
Emiel's ghost says, "Death is your only future!"
Emiel's ghost is struck by your spines. Emiel's ghost hits you!
* * * LOW HITPOINT WARNING * * *
You are electrocuted!
You die...

#.......#.......###.##..## #.#
#.##..###................# #.#
#..........##..........#.###.#
####.##..###.###..........#..##.#
..<..........#
#<.รท.......##.##.#
####.....##### #..........##.##.#
#......#######..........##..#'#
#....#.#................##.....
#....#.#......@W........##.....
#....'.'................##.....
#....###......##########.......
########......### #.....>.
#.........# #.......
##.........########.......
#....###..................
#....#_#.....#############
#....#'#.....#


You could see emiel's ghost.

Vanquished Creatures
  Purgy (D:3)
  Natasha (thrice) (D:3)
  6 adders
  2 oozes
  3 worms
  An adder zombie (D:3)
  5 giant cockroaches
  5 hobgoblins
  4 kobolds
  3 quokkas
  3 ball pythons
  8 bats
  2 giant newts
  4 goblins
  3 jackals (D:3)
  6 rats
59 creatures vanquished.

Notes
Turn   | Place    | Note
--------------------------------------------------------------
     0 | D:1      | matakusis the Demonspawn Gladiator began the quest for the Orb.
     0 | D:1      | Reached XP level 1. HP: 16/16 MP: 1/1
   358 | D:1      | Reached skill level 3 in Dodging
   362 | D:1      | Gained mutation: You are partially covered in sharp spines. [demonic ancestry]
   362 | D:1      | Reached XP level 2. HP: 19/22 MP: 2/2
   795 | D:2      | Gained mutation: You have large cloven feet. [demonic ancestry]
   795 | D:2      | Reached XP level 3. HP: 24/27 MP: 3/3
  1066 | D:2      | Found a glowing golden altar of the Shining One.
  1498 | D:3      | Noticed Natasha
  1500 | D:3      | Gained mutation: You have hoof-like feet. [demonic ancestry]
  1500 | D:3      | Reached XP level 4. HP: 15/33 MP: 4/4
  1507 | D:3      | Killed Natasha
  1512 | D:3      | Reached skill level 1 in Armour
  1520 | D:3      | Noticed Purgy
  1529 | D:3      | HP: 1/34 [Purgy (1)]
  1534 | D:3      | Killed Purgy
  1534 | D:3      | Reached skill level 4 in Dodging
  1534 | D:3      | Gained mutation: You are surrounded by a mild repulsion field (EV +2). [demonic ancestry]
  1534 | D:3      | Reached XP level 5. HP: 4/40 MP: 5/5
  1651 | D:3      | Noticed emiel's ghost (average CeWz)
  1821 | D:3      | Noticed Natasha
  1826 | D:3      | Killed Natasha
  1886 | D:3      | Found a shattered altar of Ashenzari.
  2049 | D:3      | Noticed Natasha
  2054 | D:3      | Killed Natasha
  2283 | D:3      | Mangled by emiel's ghost

Vault maps used:
D:1:      ncdulo_smallfort
D:2:      old_standard_altar
D:3:      ashenzari_conservatory_becter, uniq_natasha, uniq_purgy

Action                   |  1- 3 |  4- 6 || total
-------------------------+-------+-------++-------
Melee: War axe           |    65 |    38 ||   103
Throw: Throwing net      |       |     2 ||     2
  Use: Scroll            |     5 |     2 ||     7
       Potion            |       |     7 ||     7
  Eat: Chunk             |     1 |     3 ||     4
